Adelaide Pink Elephants vs Tappara Tampere
Created - Tuesday, August 29, 2023 at 08:01
Goals
|
| Adelaide Pink Elephants |
0 |
3 |
1 |
4 |
| Tappara Tampere |
0 |
1 |
1 |
2 |
|
Shots
|
| Adelaide Pink Elephants |
17 |
14 |
8 |
39 |
| Tappara Tampere |
16 |
6 |
14 |
36 |
|
1st period
No Goal
Penalties :
AJ Greer (APE) for Tripping (Minor) at 8:33
2nd period
1. Adelaide Pink Elephants , Adam Gaudette 2 (Denis Gurianov 2, Jacob Bernard-Docker 1) at 3:26
2. Adelaide Pink Elephants , Axel Jonsson-Fjallby 2 (Benjamin Gleason 1) at 6:19
3. Adelaide Pink Elephants , Adam Gaudette 3 (AJ Greer 2, Denis Gurianov 3) at 8:29 (PP)
4. Tappara Tampere , Stefan Noesen 3 (Jan Rutta 1, Andy Andreoff 4) at 8:38
Penalties :
Logan O'Connor (TAP) for Tripping (Minor) at 3:33, Fredrik Karlstrom (TAP) for Interference (Minor) at 6:41, Nick Cicek (APE) for Cross-checking (Minor) at 11:10, Chad Ruhwedel (TAP) for Tripping (Minor) at 15:39
3rd period
5. Tappara Tampere , Mattias Janmark 2 (Stefan Noesen 2) at 4:29
6. Adelaide Pink Elephants , Matthew Phillips 4 (Jacob Bernard-Docker 2) at 18:29 (PP)
Penalties :
Tristen Robins (APE) for Hooking (Minor) at 10:25, William Eklund (TAP) for Roughing (Minor) at 17:55, AJ Greer (APE) for Elbowing (Minor) at 19:20
Goalie Stats
Dustin Wolf (APE), 34 saves from 36 shots - (0.944), W, 3-0-1, 60:00 minutes
Alex Stalock (TAP), 35 saves from 39 shots - (0.897), L, 2-1-1, 60:00 minutes
Players Stats for Adelaide Pink Elephants
Player Name G A P +/- PIM S H SB GA TA FO MP PP MP PK MP
------------------------------------------------------------------------------------
Aatu Raty 0 0 0 0 0 2 0 0 0 0 3/6 9:14 0:02 0:00
Adam Gaudette 2 0 2 0 0 3 3 0 0 0 7/14 19:06 2:29 3:08
AJ Greer 0 1 1 0 4 2 1 0 0 0 1/2 17:52 2:29 1:56
Akil Thomas 0 0 0 0 0 4 2 0 0 0 0/1 10:40 0:00 1:31
Axel Jonsson-Fjallby 1 0 1 0 0 3 1 1 1 0 0/0 12:13 0:00 0:00
Benjamin Gleason 0 1 1 0 0 0 0 1 0 0 0/0 14:13 0:00 0:44
Denis Gurianov 0 2 2 0 0 0 2 0 2 1 1/6 19:07 2:29 3:09
Fredrik Olofsson 0 0 0 0 0 2 2 0 1 0 0/0 15:58 3:49 0:00
Jacob Bernard-Docker 0 2 2 1 0 1 2 0 0 1 0/0 23:55 3:45 3:06
Matthew Phillips 1 0 1 0 0 9 1 0 1 0 11/22 19:33 3:51 3:28
Nick Cicek 0 0 0 1 2 0 1 0 0 1 0/0 22:51 3:45 2:03
Robin Salo 0 0 0 0 0 2 0 3 1 0 0/0 13:29 0:00 0:00
Ryan Suzuki 0 0 0 0 0 3 1 0 2 1 2/8 12:13 0:00 0:00
Tristen Robins 0 0 0 0 2 1 2 1 0 0 0/0 12:13 0:00 0:00
Tyler Madden 0 0 0 0 0 0 1 1 0 0 0/0 9:14 0:02 0:00
Tyson Foerster 0 0 0 0 0 3 2 0 0 1 0/2 15:58 3:49 0:00
Ville Heinola 0 0 0 -1 0 1 1 0 1 0 0/0 22:36 2:35 3:30
Zachary Jones 0 0 0 -1 0 3 1 4 0 0 0/0 22:55 2:35 3:49
Players Stats for Tappara Tampere
Player Name G A P +/- PIM S H SB GA TA FO MP PP MP PK MP
------------------------------------------------------------------------------------
Alex Goligoski 0 0 0 1 0 0 0 1 0 0 0/0 23:04 3:20 3:09
Andrew Poturalski 0 0 0 0 0 4 0 0 0 1 5/10 15:20 0:00 3:14
Andy Andreoff 0 1 1 2 0 1 2 1 1 0 16/26 19:34 3:23 2:53
Cam York 0 0 0 -1 0 2 1 2 0 0 0/0 22:22 3:16 3:11
Chad Ruhwedel 0 0 0 -1 2 0 1 1 0 1 0/0 21:29 3:16 2:16
Fredrik Karlstrom 0 0 0 0 2 1 0 0 0 0 0/1 12:13 0:05 0:00
Isak Rosen 0 0 0 -1 0 0 0 0 0 0 0/0 9:08 0:00 0:00
Jan Rutta 0 1 1 1 0 4 3 1 0 0 0/0 23:15 3:20 3:20
Jaycob Megna 0 0 0 0 0 0 0 2 0 1 0/0 14:34 0:00 0:00
Jiri Kulich 0 0 0 -1 0 0 0 0 0 0 2/3 9:08 0:00 0:00
Kent Johnson 0 0 0 -1 0 4 1 0 0 0 9/14 15:58 3:13 0:13
Kiefer Sherwood 0 0 0 -1 0 2 3 1 0 0 2/2 15:45 3:13 0:00
Logan O'Connor 0 0 0 -1 2 3 3 0 1 2 1/1 14:46 0:05 2:10
Mattias Janmark 1 0 1 2 0 4 1 0 0 0 1/1 16:54 3:13 0:25
Phillip Di Giuseppe 0 0 0 0 0 2 1 1 0 0 0/2 16:16 3:18 0:52
Stefan Noesen 1 1 2 2 0 5 1 1 2 0 0/1 19:25 3:18 2:53
Urho Vaakanainen 0 0 0 0 0 0 0 1 0 4 0/0 15:18 0:00 0:44
William Eklund 0 0 0 -1 2 4 0 0 1 0 0/0 9:07 0:00 0:00
3 Stars
1 - Adam Gaudette (APE)
2 - Stefan Noesen (TAP)
3 - Dustin Wolf (APE)
Power Play
Adelaide Pink Elephants - 2 on 4 Attempt(s) - 50.00%
Tappara Tampere - 0 on 4 Attempt(s) - 0.00%
Penalty Kill
Adelaide Pink Elephants - 4 on 4 Attempt(s) - 100.00%
- Score 0 goal in Penalty Kill
Tappara Tampere - 2 on 4 Attempt(s) - 50.00%
- Score 0 goal in Penalty Kill
Team Stat
Adelaide Pink Elephants - Hits : 23 - Faceoff Wins : 25 - Blocked Shots : 11 - Penalty Minutes : 8
Tappara Tampere - Hits : 17 - Faceoff Wins : 36 - Blocked Shots : 12 - Penalty Minutes : 8
Official
Referees : Chris Lee and Ian Walsh
Linesman : Scott Driscoll and Don Henderson
Game Notes
No Game Note
Adelaide Pink Elephants
5 vs 5 Forward
Center Left Wing Right Wing Time % Phy DF OF
1 Adam Gaudette Denis Gurianov AJ Greer 30 1 2 2
2 Matthew Phillips Fredrik Olofsson Tyson Foerster 30 1 2 2
3 Ryan Suzuki Axel Jonsson-Fjallby Tristen Robins 25 1 2 2
4 Aatu Raty Akil Thomas Tyler Madden 15 1 2 2
5 vs 5 Defense
Defense Defense Time % Phy DF OF
1 Nick Cicek Jacob Bernard-Docker 35 1 2 2
2 Zachary Jones Ville Heinola 35 1 2 2
3 Robin Salo Benjamin Gleason 30 1 2 2
4 Nick Cicek Jacob Bernard-Docker 0 1 2 2
PowerPlay Forward
Center Left Wing Right Wing Time % Phy DF OF
1 Adam Gaudette Denis Gurianov AJ Greer 50 1 2 2
2 Matthew Phillips Fredrik Olofsson Tyson Foerster 50 1 2 2
PowerPlay Defense
Defense Defense Time % Phy DF OF
1 Nick Cicek Jacob Bernard-Docker 50 1 2 2
2 Zachary Jones Ville Heinola 50 1 2 2
Penalty Kill 4 Players Forward
Center Wing Time % Phy DF OF
1 Denis Gurianov Adam Gaudette 50 1 2 2
2 Matthew Phillips AJ Greer 50 1 2 2
Penalty Kill 4 Players Defense
Defense Defense Time % Phy DF OF
1 Nick Cicek Jacob Bernard-Docker 50 1 2 2
2 Zachary Jones Ville Heinola 50 1 2 2
Penalty Kill - 3 Players Forward
Forward Time % Phy DF OF
1 Denis Gurianov 50 1 2 2
2 Adam Gaudette 50 1 2 2
Penalty Kill - 3 Players Defense
Defense Defense Time % Phy DF OF
1 Nick Cicek Jacob Bernard-Docker 50 1 2 2
2 Zachary Jones Ville Heinola 50 1 2 2
4 vs 4 Forward
Center Wing Time % Phy DF OF
1 Denis Gurianov Adam Gaudette 50 1 2 2
2 Matthew Phillips AJ Greer 50 1 2 2
4 vs 4 Defense
Defense Defense Time % Phy DF OF
1 Nick Cicek Jacob Bernard-Docker 50 1 2 2
2 Zachary Jones Ville Heinola 50 1 2 2
Last Minutes Offensive
Center Left Wing Right Wing Defense Defense
Adam Gaudette Denis Gurianov AJ Greer Nick Cicek Jacob Bernard-Docker
Last Minutes Defensive
Center Left Wing Right Wing Defense Defense
Adam Gaudette Denis Gurianov AJ Greer Nick Cicek Jacob Bernard-Docker
Goaltenders
Starting : Dustin Wolf
Backup : Matthew Murray
Extra Forwards
Normal : Aatu Raty, Tyler Madden, Akil Thomas - PP : Aatu Raty, Tyler Madden - PK : Akil Thomas
Extra Defensemen
Normal : Robin Salo, Benjamin Gleason, Zachary Jones - PP : Robin Salo - PK : Benjamin Gleason, Zachary Jones
Penalty Shots
Denis Gurianov, Adam Gaudette, Matthew Phillips, AJ Greer, Ryan Suzuki
Tappara Tampere
5 vs 5 Forward
Center Left Wing Right Wing Time % Phy DF OF
1 Andy Andreoff Stefan Noesen Mattias Janmark 30 1 2 2
2 Kent Johnson Logan O'Connor Kiefer Sherwood 30 1 2 2
3 Andrew Poturalski Phillip Di Giuseppe Fredrik Karlstrom 25 1 2 2
4 Jiri Kulich William Eklund Isak Rosen 15 1 2 2
5 vs 5 Defense
Defense Defense Time % Phy DF OF
1 Jan Rutta Alex Goligoski 35 1 2 2
2 Chad Ruhwedel Cam York 35 1 2 2
3 Jaycob Megna Urho Vaakanainen 30 1 2 2
4 Jan Rutta Alex Goligoski 0 1 2 2
PowerPlay Forward
Center Left Wing Right Wing Time % Phy DF OF
1 Andy Andreoff Stefan Noesen Phillip Di Giuseppe 50 1 2 2
2 Kent Johnson Mattias Janmark Kiefer Sherwood 50 1 2 2
PowerPlay Defense
Defense Defense Time % Phy DF OF
1 Jan Rutta Alex Goligoski 50 1 2 2
2 Chad Ruhwedel Cam York 50 1 2 2
Penalty Kill 4 Players Forward
Center Wing Time % Phy DF OF
1 Andy Andreoff Stefan Noesen 50 1 2 2
2 Andrew Poturalski Logan O'Connor 50 1 2 2
Penalty Kill 4 Players Defense
Defense Defense Time % Phy DF OF
1 Jan Rutta Alex Goligoski 50 1 2 2
2 Chad Ruhwedel Cam York 50 1 2 2
Penalty Kill - 3 Players Forward
Forward Time % Phy DF OF
1 Andy Andreoff 50 1 2 2
2 Fredrik Karlstrom 50 1 2 2
Penalty Kill - 3 Players Defense
Defense Defense Time % Phy DF OF
1 Jan Rutta Alex Goligoski 50 1 2 2
2 Chad Ruhwedel Cam York 50 1 2 2
4 vs 4 Forward
Center Wing Time % Phy DF OF
1 Andy Andreoff Stefan Noesen 50 1 2 2
2 Andrew Poturalski Logan O'Connor 50 1 2 2
4 vs 4 Defense
Defense Defense Time % Phy DF OF
1 Jan Rutta Alex Goligoski 50 1 2 2
2 Chad Ruhwedel Cam York 50 1 2 2
Last Minutes Offensive
Center Left Wing Right Wing Defense Defense
Andy Andreoff Stefan Noesen Kent Johnson Jan Rutta Alex Goligoski
Last Minutes Defensive
Center Left Wing Right Wing Defense Defense
Andy Andreoff Phillip Di Giuseppe Logan O'Connor Jan Rutta Alex Goligoski
Goaltenders
Starting : Alex Stalock
Backup : Petr Mrazek
Extra Forwards
Normal : Fredrik Karlstrom, Kent Johnson, Phillip Di Giuseppe - PP : Fredrik Karlstrom, Phillip Di Giuseppe - PK : Phillip Di Giuseppe
Extra Defensemen
Normal : Jaycob Megna, Urho Vaakanainen, Jan Rutta - PP : Jaycob Megna - PK : Urho Vaakanainen, Jan Rutta
Penalty Shots
Stefan Noesen, Mattias Janmark, Logan O'Connor, Andy Andreoff, Kiefer Sherwood
% Time on Ice - Adelaide Pink Elephants
Lines # - Real PCT - Wanted PCT - Time Play
Normal Forward
1 - 29% - 30% - 13:29
2 - 26% - 30% - 12:14
3 - 26% - 25% - 12:13
4 - 19% - 15% - 9:08
Normal Defense
1 - 36% - 35% - 17:04
2 - 35% - 35% - 16:31
3 - 29% - 30% - 13:29
4 - 0% - 0% - 0:00
PP Forward
1 - 39% - 50% - 2:29
2 - 61% - 50% - 3:51
PP Defense
1 - 59% - 50% - 3:45
2 - 41% - 50% - 2:35
PK Forward
1 - 47% - 50% - 3:08
2 - 53% - 50% - 3:28
PK Defense
1 - 47% - 50% - 3:06
2 - 53% - 50% - 3:30
PK3 Forward
1 - 0% - 50%
2 - 0% - 50%
PK3 Defense
1 - 0% - 50%
2 - 0% - 50%
44 Forward
1 - 0% - 50%
2 - 0% - 50%
44 Defense
1 - 0% - 50%
2 - 0% - 50%
Last Minute Offensive - 0:00
Last Minute Defensive - 0:00
Total
Forward - 60:00
Defense - 60:00
|
% Time on Ice - Tappara Tampere
Lines # - Real PCT - Wanted PCT - Time Play
Normal Forward
1 - 28% - 30% - 13:18
2 - 27% - 30% - 12:33
3 - 26% - 25% - 12:05
4 - 19% - 15% - 9:08
Normal Defense
1 - 33% - 35% - 15:33
2 - 34% - 35% - 15:55
3 - 31% - 30% - 14:34
4 - 2% - 0% - 1:02
PP Forward
1 - 51% - 50% - 3:23
2 - 49% - 50% - 3:13
PP Defense
1 - 51% - 50% - 3:20
2 - 49% - 50% - 3:16
PK Forward
1 - 46% - 50% - 2:53
2 - 54% - 50% - 3:27
PK Defense
1 - 50% - 50% - 3:09
2 - 50% - 50% - 3:11
PK3 Forward
1 - 0% - 50%
2 - 0% - 50%
PK3 Defense
1 - 0% - 50%
2 - 0% - 50%
44 Forward
1 - 0% - 50%
2 - 0% - 50%
44 Defense
1 - 0% - 50%
2 - 0% - 50%
Last Minute Offensive - 0:00
Last Minute Defensive - 0:00
Total
Forward - 60:00
Defense - 60:00
|
Play-by-Play
1st period
0:01 of 1st period - Andy Andreoff wins face-off versus Denis Gurianov in neutral zone.
0:26 of 1st period - Logan O'Connor is hit by Matthew Phillips and loses puck.
0:31 of 1st period - Snap shot by Tyson Foerster.
0:31 of 1st period - Deflect By Matthew Phillips.
0:31 of 1st period - Stopped by Alex Stalock with a rebound.
0:33 of 1st period - Slapshot by Tyson Foerster.
0:33 of 1st period - Deflect By Alex Goligoski.
0:33 of 1st period - Stopped by Alex Stalock without a rebound.
0:34 of 1st period - Andrew Poturalski wins face-off versus Ryan Suzuki in Tappara Tampere zone.
0:43 of 1st period - Snap shot by Andrew Poturalski.
0:43 of 1st period - Stopped by Dustin Wolf without a rebound.
0:44 of 1st period - Ryan Suzuki wins face-off versus Andrew Poturalski in Adelaide Pink Elephants zone.
1:07 of 1st period - Snap shot by Phillip Di Giuseppe.
1:07 of 1st period - Deflect By Andrew Poturalski.
1:07 of 1st period - Stopped by Dustin Wolf with a rebound.
1:13 of 1st period - Wrist shot by Axel Jonsson-Fjallby.
1:13 of 1st period - Shot Blocked by Cam York.
1:15 of 1st period - Snap shot by Ryan Suzuki.
1:15 of 1st period - Stopped by Alex Stalock without a rebound.
1:16 of 1st period - Jiri Kulich wins face-off versus Matthew Phillips in Tappara Tampere zone.
1:16 of 1st period - Jiri Kulich is hit by Fredrik Olofsson.
1:28 of 1st period - Slapshot by William Eklund.
1:28 of 1st period - Shot Blocked by Robin Salo.
1:30 of 1st period - Snap shot by William Eklund.
1:30 of 1st period - Deflect By Tyson Foerster.
1:30 of 1st period - Shot Blocked by Robin Salo.
1:30 of 1st period - Puck is out of play.
1:31 of 1st period - Kent Johnson wins face-off versus Aatu Raty in Adelaide Pink Elephants zone.
1:45 of 1st period - Snap shot by Tyler Madden.
1:45 of 1st period - Deflect By Aatu Raty.
1:45 of 1st period - Stopped by Alex Stalock without a rebound.
1:46 of 1st period - Andy Andreoff wins face-off versus Adam Gaudette in Tappara Tampere zone.
1:51 of 1st period - Alex Goligoski is hit by Adam Gaudette.
2:15 of 1st period - Robin Salo is hit by Jan Rutta and loses puck.
2:22 of 1st period - Mattias Janmark is hit by Akil Thomas and loses puck.
2:41 of 1st period - Snap shot by Fredrik Olofsson.
2:41 of 1st period - Shot Misses the Net.
2:43 of 1st period - Slapshot by Robin Salo.
2:43 of 1st period - Stopped by Alex Stalock with a rebound.
3:24 of 1st period - Snap shot by Adam Gaudette.
3:24 of 1st period - Shot Blocked by Jaycob Megna.
3:27 of 1st period - Icing by Jaycob Megna.
3:28 of 1st period - Matthew Phillips wins face-off versus Fredrik Karlstrom in Tappara Tampere zone.
3:35 of 1st period - Wrist shot by Fredrik Olofsson.
3:35 of 1st period - Shot Blocked by Jaycob Megna.
4:25 of 1st period - Off-side.
4:26 of 1st period - Matthew Phillips wins face-off versus Andy Andreoff in neutral zone.
4:36 of 1st period - Wrist shot by Matthew Phillips.
4:36 of 1st period - Stopped by Alex Stalock without a rebound.
4:37 of 1st period - Aatu Raty wins face-off versus Andy Andreoff in Tappara Tampere zone.
5:13 of 1st period - Slapshot by Jiri Kulich.
5:13 of 1st period - Shot Misses the Net.
5:38 of 1st period - Slapshot by Matthew Phillips.
5:38 of 1st period - Stopped by Alex Stalock without a rebound.
5:39 of 1st period - Andy Andreoff wins face-off versus Adam Gaudette in Tappara Tampere zone.
5:48 of 1st period - Slapshot by Stefan Noesen.
5:48 of 1st period - Stopped by Dustin Wolf with a rebound.
5:50 of 1st period - Wrist shot by Andy Andreoff.
5:50 of 1st period - Shot Blocked by Zachary Jones.
5:52 of 1st period - Snap shot by Jan Rutta.
5:52 of 1st period - Stopped by Dustin Wolf with a rebound.
5:54 of 1st period - Snap shot by Mattias Janmark.
5:54 of 1st period - Shot Misses the Net.
6:04 of 1st period - Jan Rutta is hit by Tyson Foerster and loses puck.
6:40 of 1st period - Aatu Raty is hit by Logan O'Connor.
6:56 of 1st period - Wrist shot by Andrew Poturalski.
6:56 of 1st period - Shot Misses the Net.
6:58 of 1st period - Slapshot by Chad Ruhwedel.
6:58 of 1st period - Shot Blocked by Axel Jonsson-Fjallby.
7:00 of 1st period - Backhand shot by Cam York.
7:00 of 1st period - Deflect By Axel Jonsson-Fjallby.
7:00 of 1st period - Stopped by Dustin Wolf with a rebound.
7:42 of 1st period - Snap shot by Matthew Phillips.
7:42 of 1st period - Stopped by Alex Stalock with a rebound.
7:44 of 1st period - Slapshot by Tyson Foerster.
7:44 of 1st period - Shot Misses the Net.
7:46 of 1st period - Slapshot by Robin Salo.
7:46 of 1st period - Shot Blocked by Urho Vaakanainen.
7:58 of 1st period - Wrist shot by Akil Thomas.
7:58 of 1st period - Stopped by Alex Stalock with a rebound.
8:00 of 1st period - Slapshot by Zachary Jones.
8:00 of 1st period - Stopped by Alex Stalock without a rebound.
8:01 of 1st period - Andrew Poturalski wins face-off versus Aatu Raty in Tappara Tampere zone.
8:06 of 1st period - Akil Thomas is hit by Jan Rutta and loses puck.
8:24 of 1st period - Icing by Aatu Raty.
8:25 of 1st period - Andy Andreoff wins face-off versus Adam Gaudette in Adelaide Pink Elephants zone.
8:26 of 1st period - Wrist shot by Stefan Noesen.
8:26 of 1st period - Stopped by Dustin Wolf with a rebound.
8:28 of 1st period - Snap shot by Andy Andreoff.
8:28 of 1st period - Deflect By Stefan Noesen.
8:28 of 1st period - Stopped by Dustin Wolf with a rebound.
8:30 of 1st period - Slapshot by Cam York.
8:30 of 1st period - Stopped by Dustin Wolf without a rebound.
8:31 of 1st period - Adam Gaudette wins face-off versus Andy Andreoff in Adelaide Pink Elephants zone.
8:33 of 1st period - Minor Penalty to AJ Greer for Tripping.
8:34 of 1st period - Andy Andreoff wins face-off versus Denis Gurianov in Adelaide Pink Elephants zone.
8:50 of 1st period - Jacob Bernard-Docker is hit by Stefan Noesen.
9:03 of 1st period - Off-side.
9:04 of 1st period - Kent Johnson wins face-off versus Denis Gurianov in neutral zone.
9:21 of 1st period - Wrist shot by Mattias Janmark.
9:21 of 1st period - Stopped by Dustin Wolf with a rebound.
9:23 of 1st period - Snap shot by Mattias Janmark.
9:23 of 1st period - Deflect By Kent Johnson.
9:23 of 1st period - Stopped by Dustin Wolf without a rebound.
9:24 of 1st period - Andy Andreoff wins face-off versus Matthew Phillips in Adelaide Pink Elephants zone.
9:35 of 1st period - Wrist shot by Stefan Noesen.
9:35 of 1st period - Stopped by Dustin Wolf with a rebound.
9:43 of 1st period - Phillip Di Giuseppe is hit by Nick Cicek and loses puck.
9:54 of 1st period - Slapshot by Matthew Phillips.
9:54 of 1st period - Deflect By Akil Thomas.
9:54 of 1st period - Stopped by Alex Stalock with a rebound.
10:33 of 1st period - Penalty to AJ Greer is over, AJ Greer is back on ice.
11:05 of 1st period - Snap shot by Jiri Kulich.
11:05 of 1st period - Shot Blocked by Benjamin Gleason.
11:07 of 1st period - Slapshot by Phillip Di Giuseppe.
11:07 of 1st period - Shot Blocked by Tyler Madden.
11:09 of 1st period - Snap shot by Phillip Di Giuseppe.
11:09 of 1st period - Stopped by Dustin Wolf with a rebound.
11:24 of 1st period - Slapshot by Adam Gaudette.
11:24 of 1st period - Shot Misses the Net.
11:54 of 1st period - Wrist shot by Ryan Suzuki.
11:54 of 1st period - Shot Misses the Net.
12:02 of 1st period - Jacob Bernard-Docker is hit by Jan Rutta.
12:08 of 1st period - Wrist shot by Andy Andreoff.
12:08 of 1st period - Stopped by Dustin Wolf without a rebound.
12:09 of 1st period - Adam Gaudette wins face-off versus Kent Johnson in Adelaide Pink Elephants zone.
12:20 of 1st period - Snap shot by Kent Johnson.
12:20 of 1st period - Deflect By Logan O'Connor.
12:20 of 1st period - Stopped by Dustin Wolf with a rebound.
14:23 of 1st period - Snap shot by Fredrik Olofsson.
14:23 of 1st period - Shot Blocked by Jan Rutta.
14:37 of 1st period - Snap shot by AJ Greer.
14:37 of 1st period - Stopped by Alex Stalock with a rebound.
14:39 of 1st period - Slapshot by Zachary Jones.
14:39 of 1st period - Stopped by Alex Stalock without a rebound.
14:40 of 1st period - Andy Andreoff wins face-off versus Adam Gaudette in Tappara Tampere zone.
15:27 of 1st period - Wrist shot by Axel Jonsson-Fjallby.
15:27 of 1st period - Stopped by Alex Stalock with a rebound.
15:29 of 1st period - Snap shot by Robin Salo.
15:29 of 1st period - Stopped by Alex Stalock with a rebound.
15:46 of 1st period - Off-side.
15:47 of 1st period - Aatu Raty wins face-off versus Jiri Kulich in neutral zone.
15:50 of 1st period - Snap shot by Akil Thomas.
15:50 of 1st period - Stopped by Alex Stalock with a rebound.
16:16 of 1st period - Icing by Fredrik Olofsson.
16:17 of 1st period - Andy Andreoff wins face-off versus Matthew Phillips in Adelaide Pink Elephants zone.
16:30 of 1st period - Wrist shot by Mattias Janmark.
16:30 of 1st period - Shot Misses the Net.
16:42 of 1st period - Fredrik Olofsson is hit by Chad Ruhwedel and loses puck.
17:32 of 1st period - Icing by Chad Ruhwedel.
17:33 of 1st period - AJ Greer wins face-off versus Andy Andreoff in Tappara Tampere zone.
17:34 of 1st period - Wrist shot by Adam Gaudette.
17:34 of 1st period - Stopped by Alex Stalock with a rebound.
17:54 of 1st period - Mattias Janmark is hit by Denis Gurianov and loses puck.
18:59 of 1st period - Wrist shot by Kiefer Sherwood.
18:59 of 1st period - Stopped by Dustin Wolf without a rebound.
19:00 of 1st period - Adam Gaudette wins face-off versus Andrew Poturalski in Adelaide Pink Elephants zone.
19:25 of 1st period - Snap shot by William Eklund.
19:25 of 1st period - Stopped by Dustin Wolf with a rebound.
Goals for this period are 0 for Adelaide Pink Elephants vs 0 for Tappara Tampere.
Shots for this period are 17 for Adelaide Pink Elephants vs 16 for Tappara Tampere.
2nd period
0:01 of 2nd period - Adam Gaudette wins face-off versus Kent Johnson in neutral zone.
0:04 of 2nd period - Snap shot by Kent Johnson.
0:04 of 2nd period - Shot Misses the Net.
0:25 of 2nd period - Phillip Di Giuseppe is hit by Axel Jonsson-Fjallby and loses puck.
0:52 of 2nd period - Wrist shot by Tyson Foerster.
0:52 of 2nd period - Stopped by Alex Stalock without a rebound.
0:53 of 2nd period - Kent Johnson wins face-off versus Denis Gurianov in Tappara Tampere zone.
2:06 of 2nd period - Wrist shot by William Eklund.
2:06 of 2nd period - Deflect By Nick Cicek.
2:06 of 2nd period - Stopped by Dustin Wolf without a rebound.
2:07 of 2nd period - Jiri Kulich wins face-off versus AJ Greer in Adelaide Pink Elephants zone.
2:18 of 2nd period - Snap shot by William Eklund.
2:18 of 2nd period - Shot Misses the Net.
2:20 of 2nd period - Snap shot by Urho Vaakanainen.
2:20 of 2nd period - Deflect By William Eklund.
2:20 of 2nd period - Stopped by Dustin Wolf without a rebound.
2:21 of 2nd period - Logan O'Connor wins face-off versus Ryan Suzuki in Adelaide Pink Elephants zone.
2:26 of 2nd period - Backhand shot by Kiefer Sherwood.
2:26 of 2nd period - Deflect By Kent Johnson.
2:26 of 2nd period - Stopped by Dustin Wolf with a rebound.
2:28 of 2nd period - Wrist shot by Kiefer Sherwood.
2:28 of 2nd period - Shot Misses the Net.
2:58 of 2nd period - AJ Greer is hit by Phillip Di Giuseppe and loses puck.
3:26 of 2nd period - Slapshot by Adam Gaudette.
3:26 of 2nd period - Goal by Adam Gaudette - Adelaide Pink Elephants : 1 - Tappara Tampere : 0.
3:27 of 2nd period - Kent Johnson wins face-off versus Matthew Phillips in neutral zone.
3:33 of 2nd period - Minor Penalty to Logan O'Connor for Tripping.
3:34 of 2nd period - Andy Andreoff wins face-off versus Adam Gaudette in Tappara Tampere zone.
3:42 of 2nd period - Jan Rutta is hit by AJ Greer and loses puck.
3:47 of 2nd period - Snap shot by Denis Gurianov.
3:47 of 2nd period - Shot Blocked by Alex Goligoski.
3:49 of 2nd period - Slapshot by Nick Cicek.
3:49 of 2nd period - Shot Blocked by Phillip Di Giuseppe.
5:33 of 2nd period - Penalty to Logan O'Connor is over, Logan O'Connor is back on ice.
5:45 of 2nd period - Wrist shot by Kent Johnson.
5:45 of 2nd period - Stopped by Dustin Wolf with a rebound.
6:17 of 2nd period - Wrist shot by Axel Jonsson-Fjallby.
6:17 of 2nd period - Shot Hit the Post.
6:19 of 2nd period - Backhand shot by Axel Jonsson-Fjallby.
6:19 of 2nd period - Goal by Axel Jonsson-Fjallby - Adelaide Pink Elephants : 2 - Tappara Tampere : 0.
6:20 of 2nd period - Matthew Phillips wins face-off versus Andrew Poturalski in neutral zone.
6:25 of 2nd period - Snap shot by Tyson Foerster.
6:25 of 2nd period - Stopped by Alex Stalock with a rebound.
6:27 of 2nd period - Snap shot by Fredrik Olofsson.
6:27 of 2nd period - Stopped by Alex Stalock with a rebound.
6:29 of 2nd period - Snap shot by Tyson Foerster.
6:29 of 2nd period - Shot Misses the Net.
6:31 of 2nd period - Snap shot by Matthew Phillips.
6:31 of 2nd period - Stopped by Alex Stalock with a rebound.
6:33 of 2nd period - Backhand shot by Nick Cicek.
6:33 of 2nd period - Shot Misses the Net.
6:35 of 2nd period - Slapshot by Jacob Bernard-Docker.
6:35 of 2nd period - Stopped by Alex Stalock with a rebound.
6:41 of 2nd period - Minor Penalty to Fredrik Karlstrom for Interference.
6:42 of 2nd period - Matthew Phillips wins face-off versus Andy Andreoff in Tappara Tampere zone.
6:43 of 2nd period - Snap shot by Tyson Foerster.
6:43 of 2nd period - Shot Misses the Net.
7:18 of 2nd period - Logan O'Connor is hit by Jacob Bernard-Docker and loses puck.
8:17 of 2nd period - Backhand shot by AJ Greer.
8:17 of 2nd period - Stopped by Alex Stalock without a rebound.
8:18 of 2nd period - Adam Gaudette wins face-off versus Andrew Poturalski in Tappara Tampere zone.
8:27 of 2nd period - Snap shot by Denis Gurianov.
8:27 of 2nd period - Shot Misses the Net.
8:29 of 2nd period - Slapshot by AJ Greer.
8:29 of 2nd period - Deflect By Adam Gaudette.
8:29 of 2nd period - Goal by Adam Gaudette - Adelaide Pink Elephants : 3 - Tappara Tampere : 0.
8:30 of 2nd period - Andy Andreoff wins face-off versus Denis Gurianov in neutral zone.
8:38 of 2nd period - Wrist shot by Stefan Noesen.
8:38 of 2nd period - Goal by Stefan Noesen - Adelaide Pink Elephants : 3 - Tappara Tampere : 1.
8:39 of 2nd period - Kent Johnson wins face-off versus Matthew Phillips in neutral zone.
8:52 of 2nd period - Snap shot by Matthew Phillips.
8:52 of 2nd period - Shot Misses the Net.
8:54 of 2nd period - Slapshot by Matthew Phillips.
8:54 of 2nd period - Shot Misses the Net.
9:29 of 2nd period - Chad Ruhwedel is hit by Tristen Robins and loses puck.
9:46 of 2nd period - Isak Rosen is hit by Akil Thomas.
10:14 of 2nd period - Snap shot by Fredrik Olofsson.
10:14 of 2nd period - Stopped by Alex Stalock with a rebound.
10:16 of 2nd period - Slapshot by Zachary Jones.
10:16 of 2nd period - Stopped by Alex Stalock without a rebound.
10:17 of 2nd period - Kiefer Sherwood wins face-off versus Matthew Phillips in Tappara Tampere zone.
10:42 of 2nd period - Adam Gaudette is hit by Logan O'Connor and loses puck.
11:10 of 2nd period - Minor Penalty to Nick Cicek for Cross-checking.
11:11 of 2nd period - Andy Andreoff wins face-off versus Matthew Phillips in Adelaide Pink Elephants zone.
11:15 of 2nd period - Snap shot by Phillip Di Giuseppe.
11:15 of 2nd period - Deflect By Stefan Noesen.
11:15 of 2nd period - Shot Blocked by Zachary Jones.
11:15 of 2nd period - Puck is out of play.
11:16 of 2nd period - Matthew Phillips wins face-off versus Andy Andreoff in Adelaide Pink Elephants zone.
13:09 of 2nd period - Icing by Kent Johnson.
13:10 of 2nd period - Penalty to Nick Cicek is over, Nick Cicek is back on ice.
13:10 of 2nd period - Kent Johnson wins face-off versus Ryan Suzuki in Tappara Tampere zone.
13:44 of 2nd period - Wrist shot by Phillip Di Giuseppe.
13:44 of 2nd period - Shot Blocked by Robin Salo.
14:09 of 2nd period - Snap shot by AJ Greer.
14:09 of 2nd period - Shot Blocked by Chad Ruhwedel.
14:21 of 2nd period - Icing by Cam York.
14:22 of 2nd period - Matthew Phillips wins face-off versus Phillip Di Giuseppe in Tappara Tampere zone.
14:35 of 2nd period - Snap shot by Matthew Phillips.
14:35 of 2nd period - Shot Misses the Net.
14:37 of 2nd period - Snap shot by Matthew Phillips.
14:37 of 2nd period - Shot Misses the Net.
14:51 of 2nd period - Slapshot by Axel Jonsson-Fjallby.
14:51 of 2nd period - Stopped by Alex Stalock without a rebound.
14:52 of 2nd period - Andy Andreoff wins face-off versus Ryan Suzuki in Tappara Tampere zone.
15:00 of 2nd period - Axel Jonsson-Fjallby is hit by Andy Andreoff.
15:28 of 2nd period - Slapshot by Matthew Phillips.
15:28 of 2nd period - Stopped by Alex Stalock without a rebound.
15:29 of 2nd period - Adam Gaudette wins face-off versus Stefan Noesen in Tappara Tampere zone.
15:39 of 2nd period - Minor Penalty to Chad Ruhwedel for Tripping.
15:40 of 2nd period - Andy Andreoff wins face-off versus Adam Gaudette in Tappara Tampere zone.
15:51 of 2nd period - Wrist shot by Ville Heinola.
15:51 of 2nd period - Shot Blocked by Andy Andreoff.
15:53 of 2nd period - Snap shot by Ville Heinola.
15:53 of 2nd period - Stopped by Alex Stalock with a rebound.
15:55 of 2nd period - Wrist shot by AJ Greer.
15:55 of 2nd period - Shot Misses the Net.
16:05 of 2nd period - Andy Andreoff is hit by Fredrik Olofsson.
17:08 of 2nd period - Icing by Jacob Bernard-Docker.
17:09 of 2nd period - Andrew Poturalski wins face-off versus Tyson Foerster in Adelaide Pink Elephants zone.
17:18 of 2nd period - Stefan Noesen is hit by Adam Gaudette and loses puck.
17:39 of 2nd period - Penalty to Chad Ruhwedel is over, Chad Ruhwedel is back on ice.
18:31 of 2nd period - Snap shot by Adam Gaudette.
18:31 of 2nd period - Shot Hit the Post.
18:33 of 2nd period - Slapshot by Robin Salo.
18:33 of 2nd period - Shot Misses the Net.
19:06 of 2nd period - Phillip Di Giuseppe is hit by Ryan Suzuki.
19:17 of 2nd period - Off-side.
19:18 of 2nd period - Kiefer Sherwood wins face-off versus Adam Gaudette in neutral zone.
19:43 of 2nd period - Slapshot by Alex Goligoski.
19:43 of 2nd period - Shot Blocked by Zachary Jones.
19:45 of 2nd period - Snap shot by Mattias Janmark.
19:45 of 2nd period - Stopped by Dustin Wolf with a rebound.
19:47 of 2nd period - Slapshot by Jan Rutta.
19:47 of 2nd period - Deflect By Stefan Noesen.
19:47 of 2nd period - Shot Blocked by Zachary Jones.
19:47 of 2nd period - Puck is out of play.
19:48 of 2nd period - Matthew Phillips wins face-off versus Andy Andreoff in Adelaide Pink Elephants zone.
19:48 of 2nd period - Matthew Phillips is hit by Cam York.
Goals for this period are 3 for Adelaide Pink Elephants vs 1 for Tappara Tampere.
Shots for this period are 14 for Adelaide Pink Elephants vs 6 for Tappara Tampere.
3rd period
0:01 of 3rd period - Mattias Janmark wins face-off versus Matthew Phillips in neutral zone.
0:10 of 3rd period - Jacob Bernard-Docker is hit by Mattias Janmark and loses puck.
0:52 of 3rd period - Slapshot by Andrew Poturalski.
0:52 of 3rd period - Shot Misses the Net.
0:56 of 3rd period - Snap shot by Andrew Poturalski.
0:56 of 3rd period - Deflect By Phillip Di Giuseppe.
0:56 of 3rd period - Stopped by Dustin Wolf with a rebound.
1:47 of 3rd period - Zachary Jones is hit by Logan O'Connor and loses puck.
1:56 of 3rd period - Wrist shot by Logan O'Connor.
1:56 of 3rd period - Stopped by Dustin Wolf with a rebound.
2:26 of 3rd period - Snap shot by Aatu Raty.
2:26 of 3rd period - Shot Misses the Net.
2:28 of 3rd period - Backhand shot by Aatu Raty.
2:28 of 3rd period - Stopped by Alex Stalock without a rebound.
2:29 of 3rd period - Matthew Phillips wins face-off versus Andy Andreoff in Tappara Tampere zone.
2:54 of 3rd period - Denis Gurianov is hit by Kiefer Sherwood and loses puck.
3:01 of 3rd period - Snap shot by Kiefer Sherwood.
3:01 of 3rd period - Shot Misses the Net.
3:03 of 3rd period - Snap shot by Jan Rutta.
3:03 of 3rd period - Deflect By Denis Gurianov.
3:03 of 3rd period - Stopped by Dustin Wolf with a rebound.
3:23 of 3rd period - Slapshot by Tristen Robins.
3:23 of 3rd period - Stopped by Alex Stalock with a rebound.
3:48 of 3rd period - Wrist shot by Fredrik Olofsson.
3:48 of 3rd period - Shot Misses the Net.
3:50 of 3rd period - Slapshot by Robin Salo.
3:50 of 3rd period - Shot Misses the Net.
4:00 of 3rd period - Andy Andreoff is hit by Tyler Madden and loses puck.
4:29 of 3rd period - Wrist shot by Mattias Janmark.
4:29 of 3rd period - Goal by Mattias Janmark - Adelaide Pink Elephants : 3 - Tappara Tampere : 2.
4:30 of 3rd period - Matthew Phillips wins face-off versus Kent Johnson in neutral zone.
4:30 of 3rd period - Tyson Foerster is hit by Kiefer Sherwood and loses puck.
4:35 of 3rd period - Cam York is hit by Jacob Bernard-Docker and loses puck.
4:44 of 3rd period - Wrist shot by Matthew Phillips.
4:44 of 3rd period - Stopped by Alex Stalock with a rebound.
4:46 of 3rd period - Slapshot by Nick Cicek.
4:46 of 3rd period - Shot Blocked by Cam York.
5:16 of 3rd period - Slapshot by Cam York.
5:16 of 3rd period - Shot Misses the Net.
5:44 of 3rd period - Wrist shot by Akil Thomas.
5:44 of 3rd period - Deflect By William Eklund.
5:44 of 3rd period - Stopped by Alex Stalock without a rebound.
5:45 of 3rd period - Aatu Raty wins face-off versus Andy Andreoff in Tappara Tampere zone.
6:15 of 3rd period - Backhand shot by Akil Thomas.
6:15 of 3rd period - Deflect By Aatu Raty.
6:15 of 3rd period - Shot Blocked by Kiefer Sherwood.
6:15 of 3rd period - Puck is out of play.
6:16 of 3rd period - Andy Andreoff wins face-off versus Tyson Foerster in Tappara Tampere zone.
7:25 of 3rd period - William Eklund is hit by Zachary Jones and loses puck.
7:46 of 3rd period - Snap shot by Matthew Phillips.
7:46 of 3rd period - Shot Blocked by Stefan Noesen.
8:17 of 3rd period - Logan O'Connor is hit by Ville Heinola and loses puck.
9:00 of 3rd period - Icing by Aatu Raty.
9:01 of 3rd period - Andy Andreoff wins face-off versus Aatu Raty in Adelaide Pink Elephants zone.
9:23 of 3rd period - Icing by Robin Salo.
9:24 of 3rd period - Kent Johnson wins face-off versus Akil Thomas in Adelaide Pink Elephants zone.
9:25 of 3rd period - Wrist shot by Kiefer Sherwood.
9:25 of 3rd period - Stopped by Dustin Wolf without a rebound.
9:26 of 3rd period - Matthew Phillips wins face-off versus Kent Johnson in Adelaide Pink Elephants zone.
9:26 of 3rd period - Matthew Phillips is hit by Kiefer Sherwood.
9:38 of 3rd period - Fredrik Olofsson is hit by Kent Johnson and loses puck.
10:25 of 3rd period - Minor Penalty to Tristen Robins for Hooking.
10:26 of 3rd period - Denis Gurianov wins face-off versus Kent Johnson in Adelaide Pink Elephants zone.
10:55 of 3rd period - Slapshot by Denis Gurianov.
10:55 of 3rd period - Shot Misses the Net.
12:25 of 3rd period - Penalty to Tristen Robins is over, Tristen Robins is back on ice.
13:34 of 3rd period - Snap shot by Jiri Kulich.
13:34 of 3rd period - Shot Misses the Net.
13:36 of 3rd period - Slapshot by Jiri Kulich.
13:36 of 3rd period - Deflect By William Eklund.
13:36 of 3rd period - Stopped by Dustin Wolf without a rebound.
13:37 of 3rd period - Kent Johnson wins face-off versus Matthew Phillips in Adelaide Pink Elephants zone.
13:52 of 3rd period - Snap shot by Logan O'Connor.
13:52 of 3rd period - Stopped by Dustin Wolf with a rebound.
15:18 of 3rd period - Snap shot by Ryan Suzuki.
15:18 of 3rd period - Stopped by Alex Stalock without a rebound.
15:19 of 3rd period - Andrew Poturalski wins face-off versus Ryan Suzuki in Tappara Tampere zone.
15:19 of 3rd period - Andrew Poturalski is hit by Tristen Robins.
15:25 of 3rd period - Wrist shot by Andrew Poturalski.
15:25 of 3rd period - Stopped by Dustin Wolf with a rebound.
15:27 of 3rd period - Slapshot by Jan Rutta.
15:27 of 3rd period - Stopped by Dustin Wolf with a rebound.
15:31 of 3rd period - Snap shot by Andrew Poturalski.
15:31 of 3rd period - Deflect By Axel Jonsson-Fjallby.
15:31 of 3rd period - Stopped by Dustin Wolf with a rebound.
15:33 of 3rd period - Wrist shot by Alex Goligoski.
15:33 of 3rd period - Shot Blocked by Tristen Robins.
15:35 of 3rd period - Wrist shot by Fredrik Karlstrom.
15:35 of 3rd period - Stopped by Dustin Wolf without a rebound.
15:36 of 3rd period - Adam Gaudette wins face-off versus Andy Andreoff in Adelaide Pink Elephants zone.
15:41 of 3rd period - Zachary Jones is hit by Andy Andreoff and loses puck.
16:13 of 3rd period - William Eklund is hit by Adam Gaudette.
16:51 of 3rd period - Icing by Nick Cicek.
16:52 of 3rd period - Andrew Poturalski wins face-off versus Ryan Suzuki in Adelaide Pink Elephants zone.
17:01 of 3rd period - Slapshot by Ryan Suzuki.
17:01 of 3rd period - Stopped by Alex Stalock with a rebound.
17:03 of 3rd period - Wrist shot by Axel Jonsson-Fjallby.
17:03 of 3rd period - Shot Misses the Net.
17:05 of 3rd period - Snap shot by Axel Jonsson-Fjallby.
17:05 of 3rd period - Shot Misses the Net.
17:07 of 3rd period - Slapshot by Nick Cicek.
17:07 of 3rd period - Shot Misses the Net.
17:17 of 3rd period - Wrist shot by Fredrik Olofsson.
17:17 of 3rd period - Shot Misses the Net.
17:19 of 3rd period - Wrist shot by Matthew Phillips.
17:19 of 3rd period - Stopped by Alex Stalock with a rebound.
17:55 of 3rd period - Minor Penalty to William Eklund for Roughing.
17:56 of 3rd period - Andy Andreoff wins face-off versus Matthew Phillips in Tappara Tampere zone.
18:01 of 3rd period - Slapshot by Jan Rutta.
18:01 of 3rd period - Stopped by Dustin Wolf with a rebound.
18:14 of 3rd period - Icing by Tyson Foerster.
18:15 of 3rd period - Matthew Phillips wins face-off versus Andrew Poturalski in Adelaide Pink Elephants zone.
18:24 of 3rd period - Cam York is hit by Tyson Foerster and loses puck.
18:29 of 3rd period - Snap shot by Matthew Phillips.
18:29 of 3rd period - Goal by Matthew Phillips - Adelaide Pink Elephants : 4 - Tappara Tampere : 2.
18:30 of 3rd period - Ryan Suzuki wins face-off versus Phillip Di Giuseppe in neutral zone.
18:37 of 3rd period - Wrist shot by Axel Jonsson-Fjallby.
18:37 of 3rd period - Shot Hit the Post.
19:20 of 3rd period - Minor Penalty to AJ Greer for Elbowing.
19:21 of 3rd period - Kent Johnson wins face-off versus Matthew Phillips in Adelaide Pink Elephants zone.
19:21 of 3rd period - Snap shot by Kiefer Sherwood.
19:21 of 3rd period - Shot Misses the Net.
19:25 of 3rd period - Snap shot by Kent Johnson.
19:25 of 3rd period - Stopped by Dustin Wolf with a rebound.
19:27 of 3rd period - Slapshot by Chad Ruhwedel.
19:27 of 3rd period - Shot Misses the Net.
19:29 of 3rd period - Slapshot by Chad Ruhwedel.
19:29 of 3rd period - Shot Misses the Net.
19:31 of 3rd period - Snap shot by Mattias Janmark.
19:31 of 3rd period - Stopped by Dustin Wolf with a rebound.
19:47 of 3rd period - Andy Andreoff is hit by Denis Gurianov and loses puck.
19:54 of 3rd period - Wrist shot by Cam York.
19:54 of 3rd period - Shot Misses the Net.
Goals for this period are 1 for Adelaide Pink Elephants vs 1 for Tappara Tampere.
Shots for this period are 8 for Adelaide Pink Elephants vs 14 for Tappara Tampere.
Back to the Top